 Dungeon Crawl Stone Soup version 0.32-a0-909-gc671339a80 (webtiles) character file.

Game seed: 16559795160943989901

5590 Vruhak the Cleaver (level 10, -8/80 HPs)
             Began as a Coglin Gladiator on Apr 7, 2024.
             Was a High Priest of Uskayaw.
             Killed from afar by a rime drake (22 damage)
             ... with an icy flash freeze
             ... while paralysed by a hornet
             ... on level 9 of the Dungeon.
             The game lasted 00:16:09 (7936 turns).

Vruhak the Cleaver (Coglin Gladiator)               Turns: 7936, Time: 00:16:09

Health: -8/80      AC:  9    Str: 20    XL:     10   Next: 72%
Magic:  10/10      EV:  2    Int:  8    God:    Uskayaw [*****.]
Gold:   569        SH:  0    Dex: 16    Spells: 9/9 levels left

rFire   . . .        q - +11 hammer of the Doomed Warrior {distort, rElec rCorr Str+2 Stlth+}
rCold   + . .        a - +1 war axe (chaos) {Navbir}
rNeg    . . .        B - +1 ring mail {Will+}
rPois   .            c - +0 helmet
rElec   +            i - +0 cloak
rCorr   +            (no gloves)
SInv    .            (no boots)
Will    +....        (amulet unavailable)
Stlth   ++           (ring unavailable)
HPRegen 0.33/turn    (ring unavailable)
MPRegen 0.12/turn    (no gizmo)

%: no passive effects
@: paralysed, lethally poisoned (-8 -> -23), slowed, revved
A: off-hand wielding, slow wielding, warmup strikes, no jewellery, cold
resistance 1
a: Invent Gizmo, Renounce Religion, Stomp, Line Pass, Grand Finale


You were on level 9 of the Dungeon.
You worshipped Uskayaw.
Uskayaw was noncommittal.
You visited 2 branches of the dungeon, and saw 10 of its levels.
You also visited: Sewer.

You collected 569 gold pieces.

Inventory:

Hand Weapons
 a - a +1 war axe of chaos (offhand) {Navbir}
 f - a +0 dagger {Aula}
 h - a +0 heavy hand axe {Minjun}
 q - the +11 hammer of the Doomed Warrior (weapon) {distort, rElec rCorr Str+2 Stlth+}
   (You found it on level 3 of the Dungeon)

   Str+2:     It affects your strength (+2).
   rElec:     It insulates you from electricity.
   rCorr:     It protects you from acid and corrosion.
   Stlth+:    It makes you more stealthy.
 s - a +1 dagger of protection {Yeongsuk}
Missiles
 d - 3 throwing nets (quivered)
 e - a javelin
Armour
 b - a +0 leather armour
 c - a +0 helmet (worn)
 i - a +0 cloak (worn)
 j - a scarf of invisibility
 m - a +0 ring mail
 B - a +1 ring mail of willpower (worn)
Wands
 v - a wand of charming (28)
 D - a wand of polymorph (4)
Scrolls
 k - 3 scrolls of blinking
 n - 7 scrolls of identify
 o - 4 scrolls of amnesia
 p - 4 scrolls of fear
 r - 4 scrolls of enchant armour
 t - a scroll of brand weapon
 u - 2 scrolls of enchant weapon
 w - 2 scrolls of revelation
 y - a scroll of noise {unknown}
 E - 2 scrolls of teleportation
 G - a scroll of fog {unknown}
Potions
 g - 4 potions of degeneration
 l - 3 potions of curing
 x - a potion of heal wounds
 z - a potion of mutation
 A - a potion of invisibility
 C - a potion of resistance {unknown}
 F - a potion of berserk rage {unknown}


   Skills:
 + Level 7.7 Fighting
 + Level 8.2(10.0) Axes
 * Level 8.2(9.5) Maces & Flails
 - Level 1.7 Throwing
 + Level 5.1 Armour
 - Level 4.7 Dodging


You had 9 spell levels left.
You didn't know any spells.
Your spell library contained the following spells:

 Spells                   Type           Power      Damage    Failure   Level
 Slow                     Hex            0%         N/A       56%         1
 Ensorcelled Hibernation  Hex/Ice        0%         N/A       71%         2
 Confusing Touch          Hex            0%         N/A       91%         3
 Passwall                 Erth           0%         N/A       91%         3
 Swiftness                Air            0%         N/A       91%         3
 Vampiric Draining        Necr           0%         2d6       91%         3


Dungeon Overview and Level Annotations

Branches:
Dungeon (9/15)             Temple (1/1) D:4           Sewer (visited)
   Lair: D:8-11         Orc: D:9-12

Altars:
Ashenzari
Cheibriados
Dithmenos
Elyvilon
Gozag
Hepliaklqana
Kikubaaqudgha
Makhleb
Nemelex Xobeh
Okawaru
Qazlal
Ru
Sif Muna
Trog
Uskayaw
Vehumet
Wu Jian
Xom
Yredelemnul
Zin
The Shining One

Shops:
D:3 !   D:7 :

Annotations:
D:8 3 runed translucent doors, paps's ghost, novice TrBe


Innate Abilities, Weirdness & Mutations

You can wield a second weapon in your off-hand.
It takes a long time for you to wield or remove held weapons.
Your first few attacks do less damage.
You cannot equip rings or amulets.
Your flesh is cold resistant. (rC+)


Message History

The wolf is no longer sharing its pain.
The rime drake is no longer sharing its pain.
The howler monkey is no longer sharing its pain.
The orc is no longer sharing its pain.
The hornet is no longer sharing its pain.
The yak is no longer sharing its pain. x3; The wolf closely misses you.
The hornet stings you.
You are poisoned.
You feel as though you will be slow longer.
The wolf bites you but does no damage. The hornet stings you.
You are more poisoned.
You feel as though you will be slow longer.
You can now merge with and destroy a victim.
You slash the wolf with your +1 war axe of chaos!
You kill the wolf!
You slash the hornet with your +1 war axe of chaos!
The hornet suddenly seems more resistant.
You hit the yak with your +1 war axe of chaos.
Lightning courses through the yak!
You feel extremely sick. The hornet stings you!
You are more poisoned.
You suddenly lose the ability to move!
The yak gores you but does no damage. The hornet stings you!
You feel as though you will be slow longer.
The rime drake bites you but does no damage.
You feel very sick.
The hornet stings you but does no damage.
The yak gores you.
* * * LOW HITPOINT WARNING * * *
The rime drake bites you but does no damage.
The hornet stings you.
* * * LOW HITPOINT WARNING * * *
You shrug off the repeated paralysis!
* * * LOW HITPOINT WARNING * * *
You feel very sick. The rime drake breathes ice at you.
The icy flash freeze hits you!! You partially resist.
You die...
Your body falls in perfect tune with the rhythm.

##... .#...#
..... ....~
.#...###....
...........
.#.....h..
....$.YYY
.....Yky#
######
......Y@#######
###.....
##~~.#..).)...#
#...#... ##
##.#####.#
#.###... ...#
#.###.#)..#.
#####
#.......#.#.
####....#...
##.#.#.#.
#.#.#...
########


You could see 5 yaks, a rime drake (catching breath), a hornet (resistant) and a
howler monkey.

Vanquished Creatures
  A two-headed ogre (D:7)
  A troll (D:7)
  A hornet (D:8)
  Sigmund (D:3)
  A wyvern (D:8)
  A yak (D:9)
  Menkaure (D:4)
  A water moccasin (D:7)
  6 ice beasts
  An orc warrior (D:8)
  A crocodile (Sewer)
  A black bear (D:6)
  2 wolves (D:9)
  3 centaurs
  3 ogres
  4 kobold brigands
  3 bullfrogs
  6 scorpions
  5 wights
  4 howler monkeys
  8 hounds
  Crazy Yiuf (D:3)
  2 orc priests
  2 jellies
  A sleepcap (D:4)
  A gnoll bouda (D:7)
  2 iguanas
  6 orc wizards
  Robin (D:2)
  3 gnolls (D:7)
  16 adders
  2 river rats (Sewer)
  2 shadow imps
  2 white imps
  2 ufetubi (D:7)
  2 dart slugs
  6 ribbon worms
  21 orcs
  8 endoplasms
  7 giant cockroaches
  11 goblins
  8 hobgoblins
  20 kobolds
  3 quokkas
  4 ball pythons
  3 bats (D:1)
  7 rats
198 creatures vanquished.

Notes
Turn   | Place    | Note
-------+----------+-------------------------------------------
     0 | D:1      | Vruhak the Coglin Gladiator began the quest for the Orb.
     0 | D:1      | Reached XP level 1. HP: 16/16 MP: 1/1
   393 | D:1      | Reached XP level 2. HP: 20/22 MP: 2/2
  1312 | D:2      | Reached XP level 3. HP: 28/28 MP: 3/3
  1355 | D:2      | Noticed Robin
  1358 | D:2      | Killed Robin
  1501 | D:2      | Reached XP level 4. HP: 34/34 MP: 4/4
  1501 | D:2      | Found a faded altar of an unknown god.
  1989 | D:3      | Reached XP level 5. HP: 38/41 MP: 5/5
  2182 | D:3      | Found Matz's Distillery.
  2395 | D:3      | Noticed a centaur
  2402 | D:3      | Killed a centaur
  2403 | D:3      | Reached XP level 6. HP: 46/48 MP: 6/6
  2544 | D:3      | Noticed Sigmund
  2559 | D:3      | Killed Sigmund
  2560 | D:3      | Reached skill level 5 in Axes
  2674 | D:3      | Found a runed translucent door.
  2675 | D:3      | Noticed Crazy Yiuf
  2939 | D:3      | Killed Crazy Yiuf
  2941 | D:3      | Identified the +11 hammer of the Doomed Warrior {distort,
                  | rElec rCorr Str+2 Stlth+}
  3084 | D:4      | Reached skill level 1 in Maces & Flails
  3084 | D:4      | Reached XP level 7. HP: 38/54 MP: 7/7
  3606 | D:4      | Noticed Menkaure
  3609 | D:4      | Gained mutation: Your flesh is cold resistant. (rC+)
                  | [potion of mutation]
  4040 | D:5      | Entered Level 5 of the Dungeon
  4043 | D:5      | Found a glowing drain.
  4063 | Sewer    | Entered a sewer
  4277 | Sewer    | Reached XP level 8. HP: 25/61 MP: 8/8
  4432 | Sewer    | Reached skill level 5 in Fighting
  4435 | Sewer    | Reached skill level 1 in Armour
  4658 | D:5      | Identified the +3 robe of the Fletcher {Rampage Str+4
                  | Dex-5}
  5496 | D:6      | Found a shimmering blue altar of Sif Muna.
  5531 | D:6      | Reached skill level 5 in Maces & Flails
  5531 | D:6      | Reached XP level 9. HP: 57/69 MP: 9/9
  5643 | D:6      | Found an ancient bone altar of Kikubaaqudgha.
  5944 | D:7      | Noticed a troll
  5949 | D:7      | Noticed a two-headed ogre
  5954 | D:7      | Killed a troll
  5983 | D:7      | Killed a two-headed ogre
  5984 | D:7      | Reached XP level 10. HP: 62/77 MP: 10/10
  6353 | D:7      | Found Ufeeb's Tiny Tomes.
  6601 | D:7      | Found a broken altar of Ashenzari.
  6907 | D:8      | Found a basalt altar of Yredelemnul.
  7064 | D:8      | Found a runed translucent gate.
  7065 | D:8      | Found a runed translucent gate.
  7065 | D:8      | Found an opulent altar of Gozag.
  7065 | D:8      | Noticed paps's ghost (novice TrBe)
  7066 | D:8      | Found a runed translucent gate.
  7687 | D:4      | Killed Menkaure
  7688 | D:4      | Reached skill level 5 in Armour
  7705 | D:4      | Found a staircase to the Ecumenical Temple.
  7715 | Temple   | Entered the Ecumenical Temple
  7749 | Temple   | Became a worshipper of Uskayaw the Reveller
  7922 | D:9      | Reached * piety under Uskayaw
  7926 | D:9      | Reached ** piety under Uskayaw
  7930 | D:9      | Reached *** piety under Uskayaw
  7931 | D:9      | Reached **** piety under Uskayaw
  7933 | D:9      | Reached ***** piety under Uskayaw
  7934 | D:9      | Paralysed by a hornet for 3 turns
  7936 | D:9      | Killed from afar by a rime drake

Illustrated notes

Levels and vault maps discovered:
D:1:      dpeg_arrival_tiny_a, layout_basic
D:2:      layout_loops_ring, chequers_ecumenical_altar_simple_redux, uniq_robin
D:3:      layout_basic, serial_shops, shop, uniq_sigmund,
          uniq_crazy_yiuf_cottage
D:4:      layout_basic, minmay_temple_entry_poolview, hangedman_decor_points,
          uniq_menkaure
D:5:      layout_loops_corners, cheibrodos_sewer_entry_drain, st_stairs_7
D:6:      layout_rooms, kennysheep_mini_moat, kennysheep_little_box
D:7:      hangedman_cross_stitches, layout_basic,
          nicolae_shop_i_like_small_books_too, serial_bayou_pond_c,
          kennysheep_small_circle
D:8:      layout_basic, yredelemnul_altar_generic, ebering_ghost_gozag,
          reono_crystal_passage
D:9:      layout_basic, hellmonk_lair_entry_icy
Temple:   mainiacjoe_temple_coin_purse

Skill      XL: |  1  2  3  4  5  6  7  8  9 10 |
---------------+-------------------------------+-----
Dodging        | 3 4 |  4.7
Fighting       | 3 4 5 6 7 |  7.7
Axes           | 4 5 6 7 8 |  8.2
Maces & Flails | 1 3 5 7 8 |  8.2
Armour         | 2 4 5 |  5.1
Throwing       | |  1.7

Action                     |  1- 3 |  4- 6 |  7- 9 | 10-12 || total
---------------------------+-------+-------+-------+-------++-------
  Melee: War axe           |    41 |    50 |    28 |    53 ||   172
         Dagger            |    13 |     5 |       |       ||    18
         Hand axe          |    27 |    62 |    93 |       ||   182
         Mace              |       |     2 |   139 |    68 ||   209
    Use: Scroll            |     3 |       |     9 |       ||    12
         Potion            |       |     4 |     5 |       ||     9
   Stab: Invisible         |       |     2 |     6 |       ||     8
         Sleeping          |       |       |     4 |     1 ||     5
         Paralysed         |       |       |       |     3 ||     3
 Armour: Leather armour    |    17 |       |       |       ||    17
         Ring mail         |     5 |    51 |    89 |    65 ||   210
  Dodge: Dodged            |    26 |    45 |   103 |    46 ||   220

Table legend: (Time is in decaauts)
 A = Elapsed time spent in this place.
 B = Non-inter-level travel time spent in this place.
 C = Inter-level travel time spent in this place.
 D = Time resting spent in this place.
 E = Time spent auto-exploring this place.
 F = Levels seen in this place.
 G = Mean time per level.
                   A        B        C        D        E       F      G
               +--------+--------+--------+--------+--------+-----+--------+
         Total |   8088 |   7552 |    536 |    569 |   5726 |  11 |  735.3 |
       Dungeon |   7524 |   6997 |    527 |    451 |   5492 |   9 |  836.0 |
        Temple |     43 |     34 |      9 |      0 |      0 |   1 |   43.0 |
         Sewer |    520 |    520 |      0 |    118 |    234 |   1 |  520.0 |
               +--------+--------+--------+--------+--------+-----+--------+

Top non-repeatable levels by time:
     D:1: 1298 daAuts
     D:4: 1177 daAuts
     D:5: 1089 daAuts
     D:3: 1087 daAuts
     D:7: 928 daAuts
     D:8: 732 daAuts
     D:2: 700 daAuts
   Sewer: 520 daAuts
     D:6: 472 daAuts
  Temple: 43 daAuts
     D:9: 39 daAuts
